[Event "*** Titled Tuesday Blitz"]
[Site "Chess.com"]
[Date "2021.02.02"]
[Round "4"]
[White "oneshot007"]
[Black "andrzej"]
[Result "1-0"]
[WhiteElo "2459"]
[BlackElo "2285"]
[TimeControl "180+1"]
[EndTime "10:41:56 PST"]
[Termination "oneshot007 won by checkmate"]

1. e4 c5 2. Nf3 e6 3. Nc3 Nc6 4. d4 cxd4 5. Nxd4 Nf6 6. Nxc6 bxc6 7. e5 Nd5 8. Ne4 c5 9. Be2 Bb7 10. O-O Qb8 11. f4 Be7 12. Bf3 O-O 13. c4 Nb6 14. Be3 Qc7 15. b3 Rad8 16. Qe1 Bxe4 17.
Bxe4 f5 18. Bf3 Kh8 19. Rd1 Rg8 20. Qf2 g5 21. fxg5 Qxe5 22. h4 h6 23. Bc1 Kh7 24.
gxh6 Bd6 25. Rxd6 Qxd6 26. Rd1 Qe5 27. Bb2 Qf4 28. Qxc5 Qxf3 29. Qe7+ Kxh6 30. Qf6+ Kh7 31. Qf7+ Kh6 32. Bc1+ f4 33. Bxf4+ Qxf4 34. Qxf4+ Kh7 35. Qf7+ Kh6 36. a4 Rdf8 37. Qe7 Rf4 38. a5 Nc8 39.
Qxd7 Rfg4 40. Qxe6+ Kh5 41. Rd5+ Kxh4 42. Qh6+ Kg3 43. Rd3# 1-0

[Event "*** Titled Tuesday Blitz"]
[Site "Chess.com"]
[Date "2021.02.02"]
[Round "4"]
[White "dretch"]
[Black "Kiborg95"]
[Result "0-1"]
[WhiteElo "2837"]
[BlackElo "2664"]
[TimeControl "180+1"]
[EndTime "10:41:58 PST"]
[Termination "Kiborg95 won on time"]

1. d4 Nf6 2. c4 d6 3. Nf3 Nbd7 4. Nc3 e5 5. e4 g6 6. Bd3 exd4 7. Nxd4 Bg7 8. O-O O-O 9. Bg5 h6 10. Bh4 c6 11.
Re1 Re8 12. Bf1 Nc5 13. Nb3 g5 14. Nxc5 gxh4 15. Nb3 Ng4 16. Qd2 Qf6 17. f4 h5 18. h3 Bh6 19. hxg4 Bxf4 20. Qd4 Be5 21. Qe3 hxg4 22. Be2 Bf4 23. Qd4 Qxd4+ 24. Nxd4 Be3+ 25. Kh1 Bxd4 26. Rad1 Bxc3 27. bxc3 Rxe4 28. Bd3 Rxe1+ 29. Rxe1 Be6 30. Kg1 Kg7 31. Kf2 Re8 32. Rb1 b6 33. Rh1 Rh8 34. Ke3 h3 35. gxh3 Rxh3+ 36. Rxh3 gxh3 37.
Kf3 Kf6 38. Kg3 Ke5 39. a3 c5 40. Be2 Ke4 41. Bf1 Ke3 0-1

[Event "*** Titled Tuesday Blitz"]
[Site "Chess.com"]
[Date "2021.02.02"]
[Round "4"]
[White "vugarrasulov"]
[Black "enriquetejedor"]
[Result "1-0"]
[WhiteElo "2744"]
[BlackElo "2512"]
[TimeControl "180+1"]
[EndTime "10:41:58 PST"]
[Termination "vugarrasulov won by checkmate"]

1. e4 c5 2. Nf3 d6 3. d4 cxd4 4. Nxd4 Nf6 5. Nc3 Nc6 6. Bg5 e6 7. Qd2 Be7 8. O-O-O O-O 9. f3 a6 10. h4 Bd7 11. g4 b5 12. Nxc6 Bxc6 13. Bd3 b4 14.
Ne2 a5 15. Nd4 Qb6 16. Be3 Qc7 17. h5 Nd7 18. g5 Nc5 19. Kb1 a4 20. g6 b3 21. cxb3 a3 22. Rdg1 Bf6 23. Bc4 Nxe4 24. fxe4 Bxe4+ 25. Bd3 Bxh1 26. gxf7+ Qxf7 27. Rxh1 d5 28. bxa3 e5 29. Nb5 e4 30. Be2 Rfd8 31. Bd4 Kh8 32. h6 Bxd4 33. Qxd4 Qf6 34. hxg7+ Qxg7 35. Qxg7+ Kxg7 36. Nc7 Kg6 37. Nxa8 Rxa8 38. Rd1 Rd8 39. a4 Kf5 40. a5 d4 41. Bc4 d3 42. a6 Ke5 43.
Rh1 Kd4 44. a7 Ra8 45. Rxh7 Kc3 46. Kc1 e3 47. Bxd3 Kxd3 48. Kd1 Rg8 49. Rd7+ Ke4 50. b4 Rg1+ 51. Kc2 Rg2+ 52. Kb3 Rg8 53. b5 Re8 54. Re7+ Rxe7 55. a8=Q+ Kd3 56. Qd5+ Ke2 57. b6 Kf1 58. b7 e2 59. Qf3+ Kg1 60. Qg3+ Kf1 61. b8=Q e1=Q 62. Qbf4+ Ke2 63. Qgf3# 1-0

[Event "*** Titled Tuesday Blitz"]
[Site "Chess.com"]
[Date "2021.02.02"]
[Round "4"]
[White "Stronger1799"]
[Black "Tsyhanchuk_Stanislav"]
[Result "1-0"]
[WhiteElo "2613"]
[BlackElo "2435"]
[TimeControl "180+1"]
[EndTime "10:41:58 PST"]
[Termination "Stronger1799 won by resignation"]

1. e4 c5 2. Nf3 Nc6 3. d4 cxd4 4. Nxd4 Qb6 5. Nf3 Nf6 6. Bd3 e6 7. O-O d6 8. Nc3 a6 9. Re1 Qc7 10. Bg5 Be7 11. Qd2 O-O 12. Rad1 b5 13. a3 Bb7 14. Bf1 Ne5 15. Bxf6 Nxf3+ 16. gxf3 gxf6 17. Kh1 Kh8 18. Bd3 Rg8 19. Rg1 Qc5 20. Rg3 Rxg3 21. hxg3 Rg8 22. Kg2 Qg5 23. Qe2 Bd8 24. Rh1 Rg7 25. a4 b4 26. Nd1 Qa5 27. b3 Bb6 28. Ne3 Qg5 29. Nc4 Bc5 30. Na5 Ba8 31. Bxa6 f5 32.
Bb7 Bxb7 33. Nxb7 f4 34. Nxc5 fxg3 35. Nxe6 gxf2+ 36. Nxg5 Rxg5+ 37. Kxf2 1-0

[Event "*** Titled Tuesday Blitz"]
[Site "Chess.com"]
[Date "2021.02.02"]
[Round "4"]
[White "szachuspl"]
[Black "tk22h"]
[Result "1-0"]
[WhiteElo "2548"]
[BlackElo "2354"]
[TimeControl "180+1"]
[EndTime "10:41:58 PST"]
[Termination "szachuspl won by checkmate"]

1. d4 Nf6 2. c4 g6 3. Nc3 d5 4. Nf3 Bg7 5. h4 c6 6. Bf4 O-O 7. e3 h5 8. Qb3 b6 9. cxd5 cxd5 10.
Ne5 Bb7 11. Bd3 Nbd7 12. O-O Nxe5 13. Bxe5 e6 14. g3 Nd7 15. Bxg7 Kxg7 16. Rac1 Rc8 17.
Nb5 a6 18. Nc3 Qe7 19. a4 Rfd8 20. a5 b5 21. Na2 e5 22. Nb4 Nf6 23. Rc3 Rc4 24.
Bxc4 dxc4 25. Qa3 exd4 26. exd4 Qe4 27. d5 Nxd5 28. Nxd5 Qxd5 29. f3 Re8 30. Rc2 Qd4+ 31. Kg2 Re3 32. Qb4 Qd3 33. Qc3+ Qxc3 34. bxc3 Kf6 35. Kf2 Rxf3+ 36. Ke2 Rxf1 37. Kxf1 Be4 38. Rf2+ Ke6 39. Ke2 Bd3+ 40. Ke3 f6 41. Kd4 g5 42. hxg5 fxg5 43. Rf8 h4 44. gxh4 gxh4 45. Rh8 Kd6 46. Rxh4 Kc7 47. Rh6 Kb7 48. Kc5 Be4 49. Re6 Bd3 50.
Re7+ Kc8 51. Kc6 Kd8 52. Rd7+ Kc8 53. Ra7 b4 54. Ra8# 1-0

[Event "*** Titled Tuesday Blitz"]
[Site "Chess.com"]
[Date "2021.02.02"]
[Round "4"]
[White "Ave_Mariia"]
[Black "Ladislav1969"]
[Result "1-0"]
[WhiteElo "2476"]
[BlackElo "2308"]
[TimeControl "180+1"]
[EndTime "10:41:59 PST"]
[Termination "Ave_Mariia won on time"]

1. d4 Nf6 2. c4 g6 3. Nc3 d5 4.
cxd5 Nxd5 5. Bd2 Bg7 6. e4 Nxc3 7. Bxc3 c5 8. d5 Bxc3+ 9. bxc3 e6 10. Qd2 exd5 11.
exd5 O-O 12. Nf3 Nd7 13. Be2 Nf6 14. Rd1 Ne4 15. Qc1 Qf6 16. Rd3 Re8 17. O-O Nxc3 18. Rxc3 Rxe2 19. Rxc5 Bg4 20. Ng5 h6 21. Nxf7 Qxf7 22. Qc4 Bh5 23. Rc7 Re7 24. Rxe7 Qxe7 25. g4 Qg5 26. h3 Rf8 27. d6+ Kh8 28. d7 Qd2 29. Qe6 Bxg4 30. hxg4 Qd4 31. Kg2 h5 32. Qxg6 Qd5+ 33. Kg1 hxg4 34. Qe8 Kg8 35. Re1 g3 36. fxg3 Qd4+ 37. Kh1 Qd5+ 38. Kh2 Qd2+ 39. Re2 Qh6+ 40.
Kg2 Qc6+ 41. Re4 Qc2+ 42. Kh3 1-0

[Event "*** Titled Tuesday Blitz"]
[Site "Chess.com"]
[Date "2021.02.02"]
[Round "4"]
[White "MikeSailer"]
[Black "Treasurechess777"]
[Result "0-1"]
[WhiteElo "2178"]
[BlackElo "2408"]
[TimeControl "180+1"]
[EndTime "10:41:59 PST"]
[Termination "Treasurechess777 won on time"]

1. d4 Nf6 2. Nf3 d5 3. Bf4 Ne4 4. e3 Nd6 5. Be2 g6 6. O-O Bg7 7. Nbd2 c6 8. c4 f6 9. cxd5 cxd5 10. h3 O-O 11. Nb3 Nc6 12. Rc1 Nf7 13. Nc5 e5 14.
Bh2 e4 15. Nd2 f5 16. Qb3 b6 17. Na4 Ne7 18. Bb5 Be6 19. Bc7 Qc8 20. Bxb6 axb6 21. Rxc8 Raxc8 22. Nc3 f4 23. Ndxe4 f3 24. g4 h5 25. g5 Bxh3 26. Nf6+ Kh8 27. Bd7 Nxg5 28. Bxc8 Nxc8 29. Nfxd5 Nd6 30. Qxb6 Nf5 31. Qxg6 Rg8 32.
Qxh5+ Bh6 33. Kh1 Bg2+ 34. Kh2 Bxf1 0-1

[Event "*** Titled Tuesday Blitz"]
[Site "Chess.com"]
[Date "2021.02.02"]
[Round "4"]
[White "Gabrielian_Artur"]
[Black "ChessWarrior7197"]
[Result "1/2-1/2"]
[WhiteElo "2787"]
[BlackElo "2907"]
[TimeControl "180+1"]
[EndTime "10:42:00 PST"]
[Termination "Game drawn by repetition"]

1. c4 e6 2. Nf3 d5 3. e3 Nf6 4. b3 c5 5. Bb2 Nc6 6. cxd5 exd5 7. Bb5 Bd6 8. Nc3 O-O 9. Ne2 Bg4 10. h3 Bxf3 11. gxf3 Ne5 12. Ng3 c4 13. Bxe5 Bxe5 14. bxc4 a6 15. Ba4 dxc4 16. Rb1 b5 17. Bc2 Bxg3 18.
fxg3 Qd6 19. f4 Rad8 20. Qe2 Rfe8 21. Rh2 c3 22. Rd1 Nd5 23. Bb3 Qc5 24. Bxd5 Rxd5 25. Kf2 b4 26. d4 Qc6 27. Kg1 f5 28. g4 a5 29. gxf5 Rxf5 30. Qd3 Qd5 31. a3 Rf6 32. Rg2 Rc6 33. axb4 axb4 34. Ra1 Rc7 35. Rg5 Qf3 36. Re5 Qg3+ 37. Kf1 Qxh3+ 38. Kf2 Rf8 39. Rg1 Rxf4+ 40.
Ke1 c2 41. Qb3+ Kf8 42. Qxb4+ Kf7 43. Qb3+ Kf8 44. Qb4+ Kf7 45. Qb3+ Kf8 46. Qb4+ 1/2-1/2

[Event "*** Titled Tuesday Blitz"]
[Site "Chess.com"]
[Date "2021.02.02"]
[Round "4"]
[White "DiogenesSinopeus"]
[Black "Naaas1"]
[Result "0-1"]
[WhiteElo "2513"]
[BlackElo "2759"]
[TimeControl "180+1"]
[EndTime "10:42:00 PST"]
[Termination "Naaas1 won by checkmate"]

1. d4 Nf6 2. c4 g6 3. Nc3 Bg7 4.
e4 d6 5. Nf3 O-O 6. Be2 Bg4 7. Be3 e5 8. d5 c6 9. Nd2 Bxe2 10.
Qxe2 a6 11. g4 b5 12. h4 h5 13. f3 cxd5 14. cxd5 Nbd7 15. O-O-O Qa5 16. Nb3 Qb4 17. Kb1 Rfc8 18. Rc1 hxg4 19. Ka1 a5 20. Nd2 a4 21. a3 Qa5 22. Na2 Nc5 23. Nb4 Nb3+ 24. Nxb3 axb3 25. Rxc8+ Rxc8 26. Rc1 Rxc1+ 27. Bxc1 gxf3 28. Qxf3 Qa7 29. Qxb3 Qg1 30. Qc2 Nxe4 31. Qxe4 Qxc1+ 32. Ka2 f5 33. Qg2 Kh7 34. h5 gxh5 35.
Qe2 Kg6 36. Qxb5 e4 37. Qe8+ Kg5 38. Qd8+ Bf6 39. Qxd6 Qxb2# 0-1

[Event "*** Titled Tuesday Blitz"]
[Site "Chess.com"]
[Date "2021.02.02"]
[Round "4"]
[White "Sokoloco"]
[Black "jacky72"]
[Result "0-1"]
[WhiteElo "2488"]
[BlackElo "2680"]
[TimeControl "180+1"]
[EndTime "10:42:01 PST"]
[Termination "jacky72 won by resignation"]

1. b3 a5 2. Nc3 d5 3. e3 e5 4. d4 exd4 5. exd4 Nf6 6. Nf3 Bb4 7.
Bd2 O-O 8. Be2 Re8 9. O-O Bg4 10. h3 Bh5 11. Ne5 Bxe2 12. Nxe2 Bxd2 13. Qxd2 Ne4 14.
Qf4 f6 15. Nd3 b6 16. a4 Nc6 17. Rfe1 Qd7 18. Rad1 Re7 19. f3 Ng5 20. c3 Rae8 21. Kf1 Re3 22. Ng3 Rxe1+ 23. Rxe1 Rxe1+ 24. Kxe1 Ne7 25. Qe3 Ne6 26. Kd2 Qd6 27. Ne2 Kf7 28. g4 h5 29. Nef4 Nxf4 30. Qxf4 Qxf4+ 31. Nxf4 h4 32. Ng2 g5 33. f4 Ke6 34. Ke3 c5 35. Ne1 f5 36. fxg5 fxg4 37. hxg4 h3 38. Nf3 Ng6 39. Kf2 Nf4 40. Kg3 Ne2+ 41. Kxh3 Nxc3 42. dxc5 bxc5 43. Kh4 Kf7 44. Kh5 Kg7 45. Nh4 d4 46. Nf5+ Kg8 47. g6 Ne4 48. Kh6 Nf6 49. g5 Ng4+ 50. Kh5 Ne3 51. Ne7+ Kg7 52. Nc6 d3 53. Nd8 d2 54.
Ne6+ Kg8 0-1

[Event "*** Titled Tuesday Blitz"]
[Site "Chess.com"]
[Date "2021.02.02"]
[Round "4"]
[White "Tekushka"]
[Black "Walter_White_Poland"]
[Result "0-1"]
[WhiteElo "2444"]
[BlackElo "2302"]
[TimeControl "180+1"]
[EndTime "10:42:01 PST"]
[Termination "Walter_White_Poland won on time"]

1. e4 e5 2. Nf3 Nc6 3. Bc4 Nf6 4.
d3 d5 5. exd5 Nxd5 6. O-O Nb6 7.
Bb5 Bd6 8. Re1 f6 9. h3 Bd7 10.
d4 O-O 11. dxe5 Nxe5 12. Bxd7 Qxd7 13. Nbd2 Rad8 14. Ne4 Nxf3+ 15. Qxf3 Be5 16. Nc5 Qd5 17. Qxd5+ Rxd5 18. Ne6 Rf7 19. Nf4 Rd8 20. Nd3 Bd6 21. b3 Nd5 22. Bd2 Rfd7 23. Re2 Kf7 24. Rae1 b5 25. Ra1 b4 26. Kf1 a5 27. Be3 Nc3 28.
Ree1 Re8 29. Bc5 Rxe1+ 30. Kxe1 Bxc5 31. Nxc5 Re7+ 32. Kf1 Re2 33. Na6 Rxc2 34. Nxc7 Nxa2 35. Nd5 a4 36. bxa4 b3 37. Rb1 b2 0-1

[Event "*** Titled Tuesday Blitz"]
[Site "Chess.com"]
[Date "2021.02.02"]
[Round "4"]
[White "J36225"]
[Black "Andrakhanova"]
[Result "0-1"]
[WhiteElo "2428"]
[BlackElo "2277"]
[TimeControl "180+1"]
[EndTime "10:42:01 PST"]
[Termination "Andrakhanova won on time"]

1. e4 c5 2. Nf3 e6 3. d4 cxd4 4. Nxd4 Nf6 5. Nc3 Nc6 6. Ndb5 d6 7. Bf4 e5 8. Bg5 a6 9. Na3 b5 10. Nd5 Be7 11. Nxe7 Qxe7 12. c4 b4 13. Nc2 a5 14.
Be2 h6 15. Bxf6 Qxf6 16. O-O O-O 17. Qd2 Bb7 18. Rad1 Rfd8 19. b3 Ne7 20. f3 Ng6 21. Ne3 Nf4 22. g3 Ne6 23. Nf5 Ra6 24. Qe3 Rc6 25.
Rd2 h5 26. Rfd1 Nc5 27. Kg2 g6 28. Qh6 Bc8 29. Ne3 Be6 30. Nd5 Bxd5 31. Rxd5 Ne6 32. Rxa5 Nd4 33. Qe3 Rcc8 34. Rd5 Ra8 35. Rd2 Ra6 36.
f4 Rda8 37. fxe5 dxe5 38. c5 Rxa2 39. c6 Qxc6 40. R5xd4 exd4 41. Qxd4 Rxd2 42. Qxd2 Qc3 43. Qd6 Ra2 0-1

[Event "*** Titled Tuesday Blitz"]
[Site "Chess.com"]
[Date "2021.02.02"]
[Round "4"]
[White "nrvisakh"]
[Black "Milchone1"]
[Result "1-0"]
[WhiteElo "2738"]
[BlackElo "2506"]
[TimeControl "180+1"]
[EndTime "10:42:03 PST"]
[Termination "nrvisakh won by resignation"]

1. c4 Nf6 2. g3 g6 3. Bg2 Bg7 4. Nf3 O-O 5. O-O d6 6. Nc3 Nc6 7. Rb1 a6 8. b4 Bf5 9. d3 e5 10. Ne1 Re8 11. a4 e4 12. Bg5 exd3 13. Nxd3 h6 14. Bxf6 Bxf6 15. Nd5 Bg7 16. Re1 Ne5 17. Nxe5 Bxb1 18. Nxf7 Kxf7 19. Qxb1 c6 20. Nf4 Qf6 21. Be4 g5 22. Bg6+ Kg8 23. Nh5 Qd4 24. Bxe8 Rxe8 25.
Qg6 Re7 26. Nxg7 Rxg7 27. Qe6+ Kh7 28. e3 Qd2 29. Rb1 Qc2 30. Rf1 Qd2 31. b5 axb5 32. axb5 Qd3 33. bxc6 bxc6 34. Ra1 Rb7 35. Kg2 Qg6 36.
Qxg6+ Kxg6 37. Ra6 Rc7 38. e4 g4 39. h3 h5 40. h4 Kf6 41. Ra5 c5 42. Ra8 Re7 43. Rf8+ Kg6 44. Rf4 Ra7 45. Rf5 Re7 46. Rd5 Rxe4 47.
Rxd6+ Kg7 48. Rd5 Rxc4 49. Rxh5 Rc2 50. Rg5+ Kf6 51. Rxg4 c4 52. h5 Kf5 53. Rh4 c3 54.
h6 Ra2 55. h7 c2 56. h8=Q c1=Q 57. Rf4+ Ke6 58. Qg8+ Ke7 59. Qf7+ Kd6 60. Qxa2 Qc6+ 61.
Kg1 Qg2+ 62. Kxg2 1-0

[Event "*** Titled Tuesday Blitz"]
[Site "Chess.com"]
[Date "2021.02.02"]
[Round "4"]
[White "alexrustemov"]
[Black "ehrenfeld"]
[Result "1-0"]
[WhiteElo "2764"]
[BlackElo "2515"]
[TimeControl "180+1"]
[EndTime "10:42:04 PST"]
[Termination "alexrustemov won on time"]

1. Nf3 Nf6 2. c4 e6 3. d4 Bb4+ 4. Bd2 a5 5. g3 d6 6. Bg2 Nbd7 7. O-O e5 8. Bc1 exd4 9. Nxd4 O-O 10. Nc2 Bc5 11. Be3 Re8 12. Bxc5 Nxc5 13. Nc3 Bg4 14. h3 Bh5 15. Ne3 c6 16. Qd2 Qc7 17. Rfd1 Rad8 18. Rac1 Bg6 19. b3 h6 20. Qb2 Nfe4 21. Nxe4 Nxe4 22.
Nf1 Qb6 23. e3 Nc5 24. Qc3 Ne4 25. Qd4 Qc7 26. Qb2 Nc5 27. Qc3 Be4 28. f3 Bg6 29.
e4 f5 30. exf5 Bxf5 31. Qd4 Qe7 32. Rc3 Qf6 33. Qxf6 gxf6 34. Kf2 Kf7 35. Ne3 Bg6 36. Rd2 h5 37. Rc1 Nd3+ 38. Rxd3 Bxd3 39. Rd1 Bg6 40. f4 Be4 41. Bf1 d5 42. cxd5 cxd5 43. Be2 h4 44.
Bh5+ Bg6 45. Bxg6+ Kxg6 46. f5+ Kg5 47. gxh4+ Kxh4 48. Nxd5 Re5 49. Rd4+ 1-0

[Event "*** Titled Tuesday Blitz"]
[Site "Chess.com"]
[Date "2021.02.02"]
[Round "4"]
[White "NMJeevanK"]
[Black "Vnebo"]
[Result "1-0"]
[WhiteElo "2521"]
[BlackElo "2719"]
[TimeControl "180+1"]
[EndTime "10:42:04 PST"]
[Termination "NMJeevanK won by resignation"]

1. e4 d5 2. exd5 Qxd5 3. Nc3 Qd6 4. d4 Nf6 5. Be2 c6 6. Nf3 Bg4 7. O-O e6 8. Be3 Nbd7 9. h3 Bh5 10. a3 Qc7 11. b4 Be7 12. Qd2 O-O 13. Bf4 Bd6 14. Bxd6 Qxd6 15. Rfd1 Rfd8 16. Qe3 Nb6 17. Ne5 Nbd5 18.
Nxd5 Nxd5 19. Qd2 Bxe2 20. Qxe2 Qc7 21. Qg4 a5 22. c4 Nc3 23. Rdc1 axb4 24. axb4 Rxa1 25.
Rxa1 b5 26. Qf3 Na4 27. Nxc6 Rc8 28. cxb5 Nb6 29. Ra7 Nd5 30. Rxc7 Rxc7 31. Qa3 g6 32.
Qa8+ Kg7 33. g3 h5 34. Ne5 Nb6 35. Qa6 Nd5 36. b6 Rc1+ 37. Kg2 Nxb4 38. Qb5 Nc2 39. b7 Nxd4 40. Qb2 1-0

[Event "*** Titled Tuesday Blitz"]
[Site "Chess.com"]
[Date "2021.02.02"]
[Round "4"]
[White "djano"]
[Black "Homino"]
[Result "1-0"]
[WhiteElo "2476"]
[BlackElo "2307"]
[TimeControl "180+1"]
[EndTime "10:42:04 PST"]
[Termination "djano won on time"]

1. c4 c5 2. Nf3 Nc6 3. Nc3 g6 4. b3 Bg7 5. Bb2 Nf6 6. d3 O-O 7.
Qd2 d5 8. cxd5 Nxd5 9. Nxd5 Qxd5 10. Bxg7 Kxg7 11. g3 e5 12. Rc1 Bg4 13. Bg2 Nd4 14.
O-O Nxf3+ 15. exf3 Bxf3 16. Bxf3 Qxf3 17. Rxc5 Rfe8 18. Qc3 Qf6 19. Rc7 Qb6 20. Re1 Kg8 21. Qc4 Qf6 22. Rxb7 Rac8 23. Qa4 Red8 24. Qxa7 Rc2 25.
Rb8 Kg7 26. Rxd8 Qxd8 27. Qe3 Rxa2 28. Qxe5+ Kg8 29. d4 Rd2 30. Re4 Rd1+ 31. Kg2 Qa8 32. Qe8+ Qxe8 33. Rxe8+ Kg7 34. Rd8 Rb1 35. Rb8 Rd1 36.
Rb4 Kf6 37. Kf3 Ke6 38. Ke2 Rh1 39. h4 Rb1 40. Rb5 Rb2+ 41. Ke3 h5 42. b4 Rb3+ 43. Ke4 Rb2 44. Rb6+ Ke7 45. Kd5 Rxf2 46. Rb7+ Kf6 47. b5 Rf3 48. b6 Rxg3 49. Rc7 Rb3 50. b7 1-0

[Event "*** Titled Tuesday Blitz"]
[Site "Chess.com"]
[Date "2021.02.02"]
[Round "4"]
[White "profofchess"]
[Black "BL4D3RUNN3R"]
[Result "1/2-1/2"]
[WhiteElo "2406"]
[BlackElo "2215"]
[TimeControl "180+1"]
[EndTime "10:42:04 PST"]
[Termination "Game drawn by repetition"]

1. e4 c6 2. Nf3 d5 3. Nc3 dxe4 4. Nxe4 Nf6 5. Qe2 Nxe4 6. Qxe4 Qd5 7. Qf4 Qf5 8. Qe3 Nd7 9. Bd3 Qc5 10. b3 Qxe3+ 11. fxe3 f6 12. Bb2 e5 13. O-O-O Nc5 14. Bc4 Be6 15.
Bxe6 Nxe6 16. d4 e4 17. Nd2 f5 18. g4 fxg4 19. Nxe4 O-O-O 20. Rhg1 h5 21. c4 Be7 22. d5 cxd5 23. cxd5 Nc5 24. d6 Nxe4 25. dxe7 Rde8 26. Bxg7 Rhg8 27. Bh6 Rxe7 28. Bf4 Rd7 29. Kc2 Rgd8 30. Rxd7 Rxd7 31. Rg2 Rd5 32. a3 Kd7 33. h3 gxh3 34.
Rh2 Ke6 35. Rxh3 b5 36. Rh2 a6 37. Rg2 h4 38. Rg6+ Kf5 39. Rh6 Kg4 40. Rg6+ Kf3 41.
Rh6 Kg4 42. Rg6+ Kf3 43. Rh6 Kg4 1/2-1/2

[Event "*** Titled Tuesday Blitz"]
[Site "Chess.com"]
[Date "2021.02.02"]
[Round "4"]
[White "Tenamu"]
[Black "Mr_Penings"]
[Result "0-1"]
[WhiteElo "2382"]
[BlackElo "2603"]
[TimeControl "180+1"]
[EndTime "10:42:05 PST"]
[Termination "Mr_Penings won by checkmate"]

1. d4 Nf6 2. Nc3 d5 3. Bf4 c6 4. e3 g6 5. h4 h5 6. Nf3 Bg7 7. Ne5 Nfd7 8. Bg3 Nxe5 9. dxe5 Nd7 10. e6 fxe6 11. Bd3 Nf8 12. O-O e5 13. e4 d4 14. Ne2 Ne6 15. Bc4 g5 16. hxg5 h4 17. Bh2 Nxg5 18. f4 Nxe4 19. fxe5 Qb6 20. Kh1 Ng3+ 21. Nxg3 hxg3 22. Bf7+ Kd8 23. Bh5 gxh2 24. Bg4 Bxe5 25. Bxc8 Rxc8 26. Qg4 Kc7 27. Rae1 Bd6 28. Qe6 Kb8 29. a4 Qc5 30. Rf5 Qxc2 31. a5 Rcg8 32.
Re2 Qd1+ 33. Re1 Qg4 34. Re2 d3 35. Rd2 Qd4 36. Rf1 Bc5 37. Rdf2 d2 38. Qb3 d1=Q 39. Qxd1 Qxd1 40. Rxd1 Bxf2 41. Rf1 Bc5 42. Re1 Bd6 43. Rf1 Rf8 44. Re1 Kc7 45. a6 bxa6 46. Ra1 Rf2 47.
g4 Rhf8 48. Rg1 hxg1=Q+ 49. Kxg1 Rxb2 50. g5 Rff2 51. g6 Rfc2 52. g7 Rc1# 0-1

[Event "*** Titled Tuesday Blitz"]
[Site "Chess.com"]
[Date "2021.02.02"]
[Round "4"]
[White "Matols"]
[Black "mjray79"]
[Result "0-1"]
[WhiteElo "2273"]
[BlackElo "2510"]
[TimeControl "180+1"]
[EndTime "10:42:06 PST"]
[Termination "mjray79 won by resignation"]

1. d4 Nf6 2. c4 g6 3. g3 Bg7 4. Bg2 d6 5. Nc3 O-O 6. Nf3 Nc6 7. O-O a6 8. d5 Na5 9. Qd3 c5 10. e4 Rb8 11. Bd2 b5 12. b3 b4 13.
Ne2 e6 14. Rad1 exd5 15. cxd5 Bd7 16. Rfe1 Bb5 17. Qc2 Re8 18. Nh4 Nxd5 19. Be3 Nxe3 20. fxe3 Qb6 21. Nf4 c4 22. Nd5 Qc5 23. bxc4 Nxc4 24.
Rc1 Rbc8 25. Kh1 Ne5 26. Qd2 Qa7 27. Nxb4 a5 28. Nd5 Nd3 29. Rxc8 Rxc8 30. Rb1 Bc4 31. Nf3 Bxd5 32. Qxd3 Bxa2 33. Rd1 a4 34. Qxd6 Be6 35. Ng5 Bb3 36. Rf1 a3 37. e5 a2 38. Qd4 Qxd4 39.
exd4 Bc4 40. Ra1 Rb8 41. Bf1 Rb1 0-1

[Event "*** Titled Tuesday Blitz"]
[Site "Chess.com"]
[Date "2021.02.02"]
[Round "4"]
[White "PriSachu"]
[Black "northridgehawk"]
[Result "1/2-1/2"]
[WhiteElo "2475"]
[BlackElo "2321"]
[TimeControl "180+1"]
[EndTime "10:42:06 PST"]
[Termination "Game drawn by repetition"]

1. e4 e5 2. Nf3 Nc6 3. Bb5 a6 4. Ba4 Nf6 5. O-O b5 6. Bb3 Bc5 7. a4 Rb8 8. c3 d6 9. d4 Bb6 10. a5 Ba7 11. h3 O-O 12. Be3 exd4 13. cxd4 d5 14. e5 Ne4 15. Nbd2 Nxd2 16. Qxd2 Be6 17.
Rac1 Ne7 18. Bc2 h6 19. b4 Nf5 20. Bd3 Qd7 21. Rc3 c6 22. Rfc1 Rbc8 23. Qc2 Ne7 24. Nh4 Rc7 25. f4 g6 26. Rf1 Bxh3 27. gxh3 Qxh3 28. Ng2 h5 29. Bf2 Qe6 30. Ne3 Bxd4 31. Rb3 c5 32. bxc5 Rxc5 33. Qe2 Rfc8 34. Ng2 Bxf2+ 35. Qxf2 Rc3 36. Rxc3 Rxc3 37. Bb1 Nf5 38. Bxf5 Qxf5 39. Qd2 Rc2 40. Qxd5 h4 41. Qd8+ Kg7 42.
Qxh4 Ra2 43. Ne3 Qe4 44. Qf6+ Kg8 45. Qd8+ Kh7 46. Qh4+ Kg7 47. Qf6+ Kf8 48. Qd8+ Kg7 49. Qf6+ 1/2-1/2

[Event "*** Titled Tuesday Blitz"]
[Site "Chess.com"]
[Date "2021.02.02"]
[Round "4"]
[White "Kale36"]
[Black "manmanlai1"]
[Result "0-1"]
[WhiteElo "2285"]
[BlackElo "2463"]
[TimeControl "180+1"]
[EndTime "10:42:06 PST"]
[Termination "manmanlai1 won by resignation"]

1. b3 e5 2. Bb2 Nc6 3. e3 Nf6 4.
Bb5 d6 5. d4 exd4 6. Qxd4 Bd7 7.
Bxc6 Bxc6 8. Nf3 Be7 9. c4 Qd7 10. h3 b6 11. Nc3 O-O-O 12. O-O-O Bb7 13. Nd5 Nxd5 14. cxd5 Bf6 15. Qc4 Bxb2+ 16. Kxb2 Rhe8 17. Rc1 Kb8 18. Rc2 Re7 19. Rhc1 Qf5 20. e4 Qxe4 21.
Qxe4 Rxe4 22. Rxc7 Re2+ 23. Ka3 Rxf2 24. Rxf7 Bxd5 25.
Rxg7 Rc8 26. Rxc8+ Kxc8 27. Rxh7 a5 28. Nd4 Rxg2 29. Nf5 Kb8 30. Nxd6 Rg6 31. Nc4 Rc6 32. Ne5 Re6 33. Nd7+ Kc8 34. Nf8 Rf6 35. Rh8 Kc7 36.
Nh7 Rh6 37. b4 Rxh3+ 38. Kb2 axb4 39. Rf8 Rh2+ 40. Kb1 Rxh7 41. Rf5 Kc6 42. Rf6+ Kc5 0-1

[Event "*** Titled Tuesday Blitz"]
[Site "Chess.com"]
[Date "2021.02.02"]
[Round "4"]
[White "Brave_spirit12"]
[Black "Nils_03"]
[Result "1-0"]
[WhiteElo "2502"]
[BlackElo "2325"]
[TimeControl "180+1"]
[EndTime "10:42:07 PST"]
[Termination "Brave_spirit12 won by resignation"]

1. Nf3 Nf6 2. g3 g6 3. Bg2 Bg7 4. O-O O-O 5. c4 d6 6. Nc3 e5 7.
d4 Nc6 8. d5 Ne7 9. e4 Nd7 10.
Qc2 a5 11. a3 f5 12. Rb1 f4 13. b4 axb4 14. axb4 Nf6 15. c5 Nh5 16. Nb5 Bd7 17.
cxd6 Bxb5 18. dxe7 Qxe7 19. Rd1 Rfc8 20. Qc5 Qe8 21. Ng5 Bd7 22. d6 Bf6 23. Qd5+ Kg7 24. dxc7 Rxc7 25. Nf3 Rac8 26. Bb2 Bc6 27. Qd3 Rd7 28.
Qe2 Rcd8 29. Rxd7+ Rxd7 30. b5 Bxb5 31. Qe1 Bc6 32. Qa5 Bxe4 33. Re1 Bxf3 34. Bxf3 Re7 35. Bxh5 gxh5 36. gxf4 exf4 37. Qg5+ Qg6 38. Rxe7+ Kf8 39. Qxg6 hxg6 40. Bxf6 f3 41. Rxb7 g5 42. Bxg5 h4 43.
Bxh4 1-0

[Event "*** Titled Tuesday Blitz"]
[Site "Chess.com"]
[Date "2021.02.02"]
[Round "4"]
[White "JoachimMouhamad"]
[Black "WPWPWP-2015"]
[Result "0-1"]
[WhiteElo "2307"]
[BlackElo "2474"]
[TimeControl "180+1"]
[EndTime "10:42:07 PST"]
[Termination "WPWPWP-2015 won on time"]

1. e4 e5 2. Nf3 Nc6 3. Bb5 Nf6 4.
O-O Nxe4 5. d4 Nd6 6. Bxc6 dxc6 7. dxe5 Nf5 8. Qxd8+ Kxd8 9. Nc3 h6 10. h3 Ke8 11.
Re1 Be7 12. Bf4 Nh4 13. Nxh4 Bxh4 14. Re2 Be6 15. Rd1 Rd8 16. Rxd8+ Kxd8 17. b3 Kc8 18.
Rd2 Rd8 19. Rxd8+ Kxd8 20. g3 Be7 21. g4 Bb4 22. Ne2 Bd5 23. Kh2 Be4 24. c3 Bf8 25. Be3 Bb1 26. Nc1 a5 27. f4 g6 28. Kg3 b5 29. Kf3 c5 30. c4 bxc4 31. bxc4 a4 32.
Ke2 Kd7 33. Kd2 Be4 34. Ne2 Bg2 35. Ng1 Kc6 36. Kc3 Be4 37. Ne2 Bg7 38. Ng1 f6 39. exf6 Bxf6+ 40. Kd2 Bb1 0-1